 Dungeon Crawl Stone Soup version 0.28.0-53-g5a82cb258f (webtiles) character file.

Game seed: 16667009457063988176

359 firemarshallily the Cudgeller (level 6, -5/48 HPs)
             Began as a Demonspawn Gladiator on June 11, 2022.
             Was an Initiate of Gozag.
             Slain by Duvessa
             ... wielding a +4 short sword of protection
              (9 damage)
             ... on level 4 of the Dungeon.
             The game lasted 00:12:45 (3658 turns).

firemarshallily the Cudgeller (DsGl)                Turns: 3658, Time: 00:12:47

Health: -5/48      AC: 14    Str: 16    XL:     6   Next: 37%
Magic:  6/6        EV: 10    Int: 10    God:    Gozag
Gold:   210        SH:  8    Dex: 14    Spells: 5/5 levels left

rFire   + . .      SeeInvis .   a - +1 flail
rCold   + . .      Faith    .   p - +0 kite shield
rNeg    . . .      Spirit   .   b - +0 leather armour
rPois   +          Reflect  .   c - +1 helmet
rElec   +          Harm     .   r - +0 cloak
rCorr   +          Rampage  .   n - +1 pair of gloves
Will    .....                   (boots unavailable)
Stlth   +.........              (no amulet)
HPRegen 0.16/turn               (no ring)
MPRegen 0.10/turn               (no ring)

@: resistant, gold aura, sanguine armoured
A: hooves 3, demonic guardian 1, sanguine armour 1
a: Renounce Religion, Potion Petition, Call Merchant, Bribe Branch


You were on level 4 of the Dungeon.
You worshipped Gozag.
Gozag was aware of your devotion.
You visited 1 branch of the dungeon, and saw 4 of its levels.

You collected 494 gold pieces.
You spent 284 gold pieces at shops.

Inventory:

Hand Weapons
 a - a +1 flail (weapon)
Missiles
 d - 4 throwing nets
 f - 4 poisoned darts
 g - 5 boomerangs
 h - 4 silver javelins
 i - 6 javelins (quivered)
Armour
 b - a +0 leather armour (worn)
 c - a +1 helmet (worn)
 n - a +1 pair of gloves (worn)
 p - a +0 kite shield (worn)
 r - a +0 cloak (worn)
Wands
 e - a wand of flame (3)
Scrolls
 l - a scroll of teleportation
 m - a scroll of amnesia
 q - 2 scrolls of magic mapping
Potions
 o - 2 potions of attraction


   Skills:
 * Level 4.1 Fighting
 * Level 4.3 Maces & Flails
 - Level 2.0 Throwing
 + Level 2.1 Armour
 - Level 3.0 Dodging
 + Level 1.7 Shields


You had 5 spell levels left.
You didn't know any spells.
Your spell library was empty.

Dungeon Overview and Level Annotations

Branches:
Dungeon (4/15)
 Temple: D:4-7

Altars:
Cheibriados
Gozag
Okawaru
Sif Muna
Yredelemnul
The Shining One

Shops:
D:2 (   D:4 =?([

Annotations:
D:4 Duvessa


Innate Abilities, Weirdness & Mutations

You have hooves in place of feet.
A weak demonic guardian rushes to your aid.
When seriously injured, your blood forms armour. (AC +6)


Message History

Your quasit claws Dowan.
Your quasit barely misses Dowan.
Duvessa hits you but does no damage.
Dowan gestures at your quasit while chanting.
The puff of flame hits your quasit.
Your quasit resists.
You closely miss Duvessa.
Duvessa is severely wounded.
Your quasit bites Dowan.
Your quasit claws Dowan but does no damage.
Your quasit closely misses Dowan.
Duvessa hits you with a +4 short sword of protection.
Dowan completely misses your quasit.
Your quasit bites Dowan.
Your quasit closely misses Dowan. x2
Duvessa hits you with a +4 short sword of protection.
* * * LOW HITPOINT WARNING * * *
You hit Duvessa. You kick Duvessa, but do no damage.
Duvessa is severely wounded.
Duvessa completely misses you.
Your quasit completely misses Dowan.
Your quasit misses Dowan. x2; Duvessa hits you but does no damage.
Your quasit bites Dowan but does no damage.
Your quasit closely misses Dowan.
Your quasit claws Dowan but does no damage.
Dowan closely misses your quasit.
You hit Duvessa.
Duvessa is almost dead.
You block Duvessa's attack.
Your quasit bites Dowan.
Your quasit misses Dowan. x2
Duvessa hits you with a +4 short sword of protection.
* * * LOW HITPOINT WARNING * * *
Dowan hits your quasit but does no damage.
Your quasit barely misses Dowan.
Your quasit claws Dowan.
Dowan dies!
Duvessa screams, "No!
How DARE you!"
Duvessa goes berserk!
You hit Duvessa but do no damage.
Duvessa is almost dead.
Duvessa hits you with a +4 short sword of protection.
* * * LOW HITPOINT WARNING * * *
Duvessa hits you with a +4 short sword of protection!
You die...
Your body crumbles into a pile of gold.

....#########...8...########
..### #..#.##.....## .##
#..#.###...## ## #..#.#
##.## # #..#.# ##'## #
#..#.# #...# # ##....###.$.#
# ##......###5.#
######.........e@.#
..............#####
...............#
.#.##..<.......#
.#.###.......#.# ##.#
##.....##.# #.# ##...## .#
#.# ###.# .# ##.# #.#


You could see Duvessa (berserk, fast, ally target) and a friendly quasit
(summoned).

Vanquished Creatures
  Blork the orc (D:4)
  Crazy Yiuf (D:2)
  2 orc priests (D:3)
  A hound zombie (D:3)
  2 adders (D:2)
  4 adder skeletons
  2 adder zombies (D:3)
  2 worms
  10 orcs
  4 endoplasms
  4 giant cockroaches
  3 goblins
  4 hobgoblins
  3 jackals (D:1)
  A kobold (D:1)
  3 quokkas
  5 ball pythons
  A ball python zombie (D:3)
  3 bats
  3 frilled lizards
  A rat (D:1)
60 creatures vanquished.

Vanquished Creatures (collateral kills)
  Dowan (D:4)
  An orc priest (D:3)
2 creatures vanquished.

Vanquished Creatures (others)
  3 fungi (D:2)
3 creatures vanquished.

Grand Total: 65 creatures vanquished

Notes
Turn   | Place    | Note
-------+----------+-------------------------------------------
     0 | D:1      | firemarshallily the Demonspawn Gladiator began the quest
                  | for the Orb.
     0 | D:1      | Reached XP level 1. HP: 16/16 MP: 1/1
    33 | D:1      | Found a faded altar of an unknown god.
    64 | D:1      | Prayed at the altar of an unknown god.
    64 | D:1      | Became a worshipper of Gozag Ym Sagoz the Greedy
   100 | D:1      | Gained mutation: You have large cloven feet. [demonic
                  | ancestry]
   100 | D:1      | Reached XP level 2. HP: 18/22 MP: 2/2
  1025 | D:2      | Found Xilipim's Antique Weapon Shop.
  1033 | D:2      | Gained mutation: A weak demonic guardian rushes to your
                  | aid. [demonic ancestry]
  1033 | D:2      | Reached XP level 3. HP: 19/28 MP: 3/3
  1036 | D:2      | Bought a glowing long sword for 104 gold pieces
  1794 | D:2      | Found a runed translucent door.
  1795 | D:2      | Noticed Crazy Yiuf
  1803 | D:2      | Killed Crazy Yiuf
  1804 | D:2      | Reached skill level 1 in Armour
  1804 | D:2      | Gained mutation: When seriously injured, your blood forms
                  | armour. (AC +6) [demonic ancestry]
  1804 | D:2      | Reached XP level 4. HP: 35/35 MP: 4/4
  2202 | D:3      | Reached skill level 1 in Shields
  2202 | D:3      | Gained mutation: You have hoof-like feet. [demonic
                  | ancestry]
  2202 | D:3      | Reached XP level 5. HP: 5/41 MP: 5/5
  2966 | D:4      | Found Zieto's Antique Armour Shop.
  2970 | D:4      | Bought a pair of runed gloves for 180 gold pieces
  2990 | D:4      | Found Agriffigg's Antique Weapon Boutique.
  3034 | D:4      | Noticed Dowan
  3035 | D:4      | Noticed Duvessa
  3101 | D:4      | Found Heffykhla's Magic Scroll Emporium.
  3177 | D:4      | Found Xet Biu's Jewellery Boutique.
  3293 | D:4      | Noticed Blork the orc
  3310 | D:4      | Killed Blork the orc
  3311 | D:4      | Gained mutation: You have hooves in place of feet. [demonic
                  | ancestry]
  3311 | D:4      | Reached XP level 6. HP: 24/48 MP: 6/6
  3590 | D:4      | Found a basalt altar of Yredelemnul.
  3604 | D:4      | Found an iron altar of Okawaru.
  3622 | D:4      | Found a snail-covered altar of Cheibriados.
  3626 | D:4      | Found a shimmering blue altar of Sif Muna.
  3657 | D:4      | Killed Dowan
  3658 | D:4      | Slain by Duvessa

Illustrated notes

Levels and vault maps discovered:
D:1:      psy_arrival_basics, layout_rooms,
          shapermc_ecumenical_altar_starsandcircs
D:2:      layout_loops_ring, serial_shops, nicolae_shop_advertising_works
          [nicolae_subvault_shop_adworks], chequers_serial_rivers_large_a,
          uniq_crazy_yiuf_cottage
D:3:      cheibrodos_pilgrimage, layout_rooms, serial_undead, serial_undead_f,
          serial_undead_e, serial_undead_e, serial_undead_a, serial_undead_e,
          serial_undead_b
D:4:      layout_loops_ring, minmay_overflow_temple_star_hex, serial_shops,
          shop, nicolae_stop_n_shop_2, nicolae_shop_hallway_stairs,
          nicolae_square_shop, uniq_pikel, uniq_duvessa, uniq_blork_the_orc

Skill      XL: |  1  2  3  4  5 |
---------------+----------------+-----
Throwing       | 2 |  2.0
Dodging        | 3 |  3.0
Maces & Flails | 3 4 |  4.3
Fighting       | 3 4 |  4.1
Armour         | 1 2 |  2.1
Shields        | 1 |  1.7

Action                   |  1- 3 |  4- 6 || total
-------------------------+-------+-------++-------
Melee: Flail             |    83 |   103 ||   186
       Kick              |     6 |     8 ||    14
       Punch             |     1 |       ||     1
Throw: Boomerang         |       |     1 ||     1
  Use: Scroll            |     8 |     2 ||    10
       Potion            |     1 |     8 ||     9
 Stab: Distracted        |       |     1 ||     1
Armor: Leather armour    |    25 |    47 ||    72
       Skin              |       |    13 ||    13
Dodge: Dodged            |    43 |    48 ||    91
Block: Kite shield       |     1 |    39 ||    40
